 Dungeon Crawl Stone Soup version 0.32-a0-931-g5a2cda0630 (webtiles) character file.

Game seed: 13899490863865923753

8 Esekla the Shield-Bearer (level 2, 20/20 HPs)
             Began as a Demonspawn Wanderer on Apr 13, 2024.
             Quit the game on level 1 of the Dungeon.
             The game lasted 00:02:20 (213 turns).

Esekla the Shield-Bearer (Demonspawn Wanderer)       Turns: 213, Time: 00:02:20

Health: 20/20      AC:  8    Str:  9    XL:     2   Next: 0%
Magic:  5/5        EV:  8    Int: 15    God:
Gold:   29         SH:  4    Dex: 12    Spells: 4/5 levels left

rFire   . . .        a - +0 dagger
rCold   . . .        d - +0 buckler {AC+3}
rNeg    . . .        b - +0 ring mail
rPois   .            (no helmet)
rElec   .            (no cloak)
rCorr   .            (no gloves)
SInv    .            (no boots)
Will    .....        (no amulet)
Stlth   +            (no ring)
HPRegen 0.23/turn    (no ring)
MPRegen 0.09/turn

%: no passive effects
@: no status effects
A: demonic guardian 1
a: no special abilities


You were on level 1 of the Dungeon.
You visited 1 branch of the dungeon, and saw 1 of its levels.

You collected 29 gold pieces.

Inventory:

Hand Weapons
 a - a +0 dagger (weapon)
Armour
 b - a +0 ring mail (worn)
 d - a +0 buckler of protection (worn)
Scrolls
 c - a scroll of fog
 e - 2 scrolls of immolation {unknown}
 f - a scroll of enchant armour {unknown}


   Skills:
 * Level 0.3 Fighting
 - Level 1.0 Armour
 - Level 3.6 Shields
 * Level 2.2 Spellcasting
 * Level 0.8 Conjurations
 * Level 0.1 Air Magic
 + Level 1.0 Alchemy
 + Level 1.2 Invocations
 + Level 1.0 Evocations


You had 4 spell levels left.
You knew the following spells:

 Your Spells              Type           Power      Damage    Failure   Level
a - Sting                 Conj/Alch      16%        1d4       52%         1

Your spell library contained the following spells:

 Spells                   Type           Power      Damage    Failure   Level
 Mephitic Cloud           Conj/Alch/Air  3%         N/A       90%         3


Dungeon Overview and Level Annotations

Branches:
Dungeon (1/15)

Altars:


Innate Abilities, Weirdness & Mutations

A weak demonic guardian rushes to your aid.


Message History

You barely miss the kobold.
The kobold is moderately wounded.
The kobold hits you but does no damage.
You hit the kobold but do no damage.
The kobold is moderately wounded.
The kobold hits you but does no damage.
You hit the kobold but do no damage.
The kobold is moderately wounded.
The kobold hits you but does no damage.
You barely miss the kobold.
The kobold is moderately wounded.
The kobold barely misses you.
You hit the kobold.
The kobold is severely wounded.
The kobold closely misses you.
You closely miss the kobold.
The kobold is severely wounded.
The kobold hits you but does no damage.
You hit the kobold but do no damage.
The kobold is severely wounded.
You block the kobold's attack.
You barely miss the kobold.
The kobold is severely wounded.
The kobold hits you but does no damage.
You hit the kobold.
You kill the kobold!
You have reached level 2!
Your demonic ancestry asserts itself...
You feel the presence of a demonic guardian.
Things that are here:
a +0 club; 5 stones
Things that are here:
a +0 club; 5 stones
e - 2 scrolls labelled MIUPHE BISOSA (gained 1) Search for what [? for help]? robe Can't find anything matching that.
Okay, then.
Search for what [Enter for "robe", or ? for help]? leather Can't find anything matching that.
Are you sure you want to abandon this character and quit the game? (Confirm with "yes".)

#.# #..# #.#
#..# ##.##
#..# ##.#.##
#..# ##.###.##
#..# #.## ##.#
#..# ##.###.##
#..#
##.#)#########
#.....@[....#
#..#######....
#.## # #.. ###


There were no monsters in sight!

Vanquished Creatures
  An endoplasm (D:1)
  A goblin (D:1)
  A hobgoblin (D:1)
  A frilled lizard (D:1)
  3 kobolds (D:1)
7 creatures vanquished.

Notes
Turn   | Place    | Note
-------+----------+-------------------------------------------
     0 | D:1      | Esekla the Demonspawn Wanderer began the quest for the Orb.
     0 | D:1      | Esekla set off with the following items: a +0 dagger, a +0
                  | ring mail, a scroll of fog, a +0 buckler of protection; and
                  | the following spell memorised: Sting; and the following
                  | spells available to memorise: Mephitic Cloud.
     0 | D:1      | Reached XP level 1. HP: 13/13 MP: 3/3
   200 | D:1      | Gained mutation: A weak demonic guardian rushes to your
                  | aid. [demonic ancestry]
   200 | D:1      | Reached XP level 2. HP: 20/20 MP: 5/5
   213 | D:1      | Quit the game

Illustrated notes

Levels and vault maps discovered:
D:1:      saegor_arrival_simple_c, layout_loops_ring,
          ebering_ecumenical_altar_webs

Action                     || total
---------------------------++-------
  Melee: Dagger            ||    45
 Armour: Ring mail         ||    25
  Dodge: Dodged            ||    14
  Block: Buckler           ||     3

Table legend: (Time is in decaauts)
 A = Elapsed time spent in this place.
 B = Non-inter-level travel time spent in this place.
 C = Inter-level travel time spent in this place.
 D = Time resting spent in this place.
 E = Time spent auto-exploring this place.
 F = Levels seen in this place.
 G = Mean time per level.
                   A        B        C        D        E       F      G
               +--------+--------+--------+--------+--------+-----+--------+
         Total |    215 |    215 |      0 |     11 |     18 |   1 |  215.0 |
       Dungeon |    215 |    215 |      0 |     11 |     18 |   1 |  215.0 |
               +--------+--------+--------+--------+--------+-----+--------+

Top non-repeatable levels by time:
     D:1: 215 daAuts
